TOP OF THE 1ST |
Alaskan Humpbacks batting - Pitching for Augusta Timber Hawks : RHP Emil Olsson
|
Pitching: RHP Emil Olsson
|
|
Batting: LHB Dallas Ihde
|
0-0: Ground out 4-3 (Groundball, 4)
|
Batting: RHB Erik Sterk
|
0-0: Called Strike 0-1: Ball 1-1: Ball 2-1: Fly out, F8 (Flyball, 8LM)
|
Batting: RHB Sigi Lang
|
0-0: Called Strike 0-1: Foul Ball, location: 2F 0-2: Ball 1-2: Ball 2-2: Ball 3-2: Foul Ball, location: 2F 3-2: Strikes out swinging
|
Top of the 1st over - 0 runs, 0 hits, 0 errors, 0 left on base; Alaskan 0 - Augusta 0 |
BOTTOM OF THE 1ST |
Augusta Timber Hawks batting - Pitching for Alaskan Humpbacks : RHP Liam Thomson
|
Pitching: RHP Liam Thomson
|
|
Batting: LHB Seung-soo Ch'ae
|
0-0: Ball 1-0: Ball 2-0: Foul Ball, location: 2F 2-1: Swinging Strike 2-2: Ground out 4-3 (Groundball, 4)
|
Batting: RHB Krystof Melichar
|
0-0: Ball 1-0: Ball 2-0: Foul Ball, location: 2F 2-1: Called Strike 2-2: Strikes out swinging
|
Batting: LHB Mike Goff
|
0-0: Ball 1-0: Ball 2-0: Ball 3-0: Called Strike 3-1: Called Strike 3-2: Base on Balls
|
Batting: RHB Eugene Bennett
|
0-0: Called Strike 0-1: Fly out, F5 (Line Drive, 5L)
|
Bottom of the 1st over - 0 runs, 0 hits, 0 errors, 1 left on base; Alaskan 0 - Augusta 0 |
TOP OF THE 2ND |
Alaskan Humpbacks batting - Pitching for Augusta Timber Hawks : RHP Emil Olsson
|
Batting: LHB Felipe Soto
|
0-0: Ball 1-0: Swinging Strike 1-1: Called Strike 1-2: Foul Ball, location: 2F 1-2: Foul Ball, location: 2F 1-2: Fly out, F9 (Flyball, 89M)
|
Batting: RHB Jon Moon
|
0-0: Called Strike 0-1: Ball 1-1: Ball 2-1: Called Strike 2-2: Ball 3-2: Ground out U3 (Groundball, 34)
|
Batting: RHB Wally Briggs
|
0-0: DOUBLE (Line Drive, 9LM)
|
Batting: RHB Chris Walters
|
0-0: Swinging Strike 0-1: Foul Ball, location: 2F 0-2: Ball 1-2: Ball 2-2: Ball 3-2: Base on Balls
|
Batting: LHB Gabriel Amezquita
|
0-0: Ball 1-0: Ball 2-0: Swinging Strike 2-1: Ball 3-1: Base on Balls Wally Briggs to third Chris Walters to second
|
Batting: RHB Jesús Amador
|
0-0: Called Strike 0-1: Foul Ball, location: 2F 0-2: Foul Ball, location: 2F 0-2: Foul Ball, location: 2F 0-2: Fly out, F7 (Line Drive, 78D)
|
Top of the 2nd over - 0 runs, 1 hit, 0 errors, 3 left on base; Alaskan 0 - Augusta 0 |
BOTTOM OF THE 2ND |
Augusta Timber Hawks batting - Pitching for Alaskan Humpbacks : RHP Liam Thomson
|
Batting: RHB Jesús Recesvinto
|
0-0: Ball 1-0: Foul Ball, location: 2F 1-1: Fly out, F2 (Popup, 2LF)
|
Batting: SHB Yun-qi Chien
|
0-0: Called Strike 0-1: Ground out 4-3 (Groundball, 4)
|
Batting: RHB Uchino Akahito
|
0-0: Ball 1-0: Called Strike 1-1: Ground out 4-3 (Groundball, 4)
|
Bottom of the 2nd over - 0 runs, 0 hits, 0 errors, 0 left on base; Alaskan 0 - Augusta 0 |
TOP OF THE 3RD |
Alaskan Humpbacks batting - Pitching for Augusta Timber Hawks : RHP Emil Olsson
|
Batting: LHB Dallas Ihde
|
0-0: Ball 1-0: Swinging Strike 1-1: Swinging Strike 1-2: Foul Ball, location: 2F 1-2: Ground out 6-3 (Groundball, 6S)
|
Batting: RHB Erik Sterk
|
0-0: Called Strike 0-1: Ball 1-1: Foul Ball, location: 2F 1-2: Foul Ball, location: 2F 1-2: Fly out, F7 (Flyball, 7LDF)
|
Batting: RHB Sigi Lang
|
0-0: TRIPLE (Flyball, 9D)
|
Batting: LHB Felipe Soto
|
0-0: Called Strike 0-1: Ball 1-1: Fly out, F8 (Flyball, 8LM)
|
Top of the 3rd over - 0 runs, 1 hit, 0 errors, 1 left on base; Alaskan 0 - Augusta 0 |
BOTTOM OF THE 3RD |
Augusta Timber Hawks batting - Pitching for Alaskan Humpbacks : RHP Liam Thomson
|
Batting: RHB Dave Yates
|
0-0: DOUBLE (Groundball, 5L)
|
Batting: LHB Randy Sallah
|
0-0: Called Strike 0-1: Foul Ball, location: 2F 0-2: Ball 1-2: Ball 2-2: Ball 3-2: Base on Balls
|
Batting: LHB Seung-soo Ch'ae
|
0-0: Fielders Choice at 2nd, 6-4 (Groundball, 6) Dave Yates to third
|
Batting: RHB Krystof Melichar
|
0-0: Called Strike Seung-soo Ch'ae steals 2nd base 0-1: Ball 1-1: Ball 2-1: Ground out 6-3 (Groundball, 6S) Dave Yates scores Seung-soo Ch'ae to third
|
Batting: LHB Mike Goff
|
0-0: Called Strike 0-1: DOUBLE (Line Drive, 9D) Seung-soo Ch'ae scores
|
Batting: RHB Eugene Bennett
|
0-0: Ball 1-0: Ball 2-0: Ball 3-0: Base on Balls
|
Batting: RHB Jesús Recesvinto
|
0-0: Ball 1-0: 3-RUN HOME RUN (Flyball, 7LD), Distance : 375 ft
|
Batting: SHB Yun-qi Chien
|
0-0: Swinging Strike 0-1: Ground out 6-3 (Groundball, 6MD)
|
Bottom of the 3rd over - 5 runs, 3 hits, 0 errors, 0 left on base; Alaskan 0 - Augusta 5 |
TOP OF THE 4TH |
Alaskan Humpbacks batting - Pitching for Augusta Timber Hawks : RHP Emil Olsson
|
Batting: RHB Jon Moon
|
0-0: SOLO HOME RUN (Flyball, 7LD), Distance : 375 ft
|
Batting: RHB Wally Briggs
|
0-0: Called Strike 0-1: SINGLE (Groundball, 4MD)
|
Batting: RHB Chris Walters
|
0-0: Called Strike Wally Briggs is caught stealing 2nd base 0-1: DOUBLE (Line Drive, 89D)
|
Batting: LHB Gabriel Amezquita
|
0-0: Called Strike 0-1: Ground out 4-3 (Groundball, 4S) Chris Walters to third
|
Batting: RHB Jesús Amador
|
0-0: Ball 1-0: Ball 2-0: Ball 3-0: Called Strike 3-1: Base on Balls
|
Batting: LHB Dallas Ihde
|
0-0: Called Strike 0-1: Ball 1-1: Called Strike 1-2: Fielders Choice at 2nd, U4 (Groundball, 4M)
|
Top of the 4th over - 1 run, 3 hits, 0 errors, 2 left on base; Alaskan 1 - Augusta 5 |
BOTTOM OF THE 4TH |
Augusta Timber Hawks batting - Pitching for Alaskan Humpbacks : RHP Liam Thomson
|
Batting: RHB Uchino Akahito
|
0-0: Ground out 6-3 (Groundball, 56)
|
Batting: RHB Dave Yates
|
0-0: Fly out, F7 (Flyball, 7LSF)
|
Batting: LHB Randy Sallah
|
0-0: Ball 1-0: Ball 2-0: Called Strike 2-1: SINGLE (Flyball, 7S)
|
Batting: LHB Seung-soo Ch'ae
|
0-0: Ball 1-0: Ball 2-0: Called Strike 2-1: SINGLE (Line Drive, 9S) Randy Sallah to second Runner from 2nd tries for 3rd, SAFE, no throw
|
Batting: RHB Krystof Melichar
|
0-0: Called Strike 0-1: Ball 1-1: Ground out 6-3 (Groundball, 56)
|
Bottom of the 4th over - 0 runs, 2 hits, 0 errors, 2 left on base; Alaskan 1 - Augusta 5 |
TOP OF THE 5TH |
Alaskan Humpbacks batting - Pitching for Augusta Timber Hawks : RHP Emil Olsson
|
Batting: RHB Erik Sterk
|
0-0: Fly out, F6 (Popup, 6MS)
|
Batting: RHB Sigi Lang
|
0-0: Called Strike 0-1: Swinging Strike 0-2: Ball 1-2: SINGLE (Groundball, 6MD)
|
Batting: LHB Felipe Soto
|
0-0: Ball 1-0: Called Strike 1-1: Ball 2-1: Ball 3-1: Base on Balls Sigi Lang to second
|
Batting: RHB Jon Moon
|
0-0: Ball 1-0: Called Strike 1-1: Ball 2-1: 3-RUN HOME RUN (Flyball, 7D), Distance : 401 ft
|
Batting: RHB Wally Briggs
|
0-0: Ground out U3 (Groundball, 34S)
|
Batting: RHB Chris Walters
|
0-0: Ball 1-0: Foul Ball, location: 2F 1-1: Ball 2-1: Foul Ball, location: 2F 2-2: DOUBLE (Flyball, 8LXD)
|
Pitching: LHP Garrett Schaper
|
|
Batting: LHB Gabriel Amezquita
|
0-0: Foul Ball, location: 2F 0-1: Ball Wild Pitch! Chris Walters to third 1-1: Ground out 1-3 (Groundball, 13S)
|
Top of the 5th over - 3 runs, 3 hits, 0 errors, 1 left on base; Alaskan 4 - Augusta 5 |
BOTTOM OF THE 5TH |
Augusta Timber Hawks batting - Pitching for Alaskan Humpbacks : RHP Liam Thomson
|
Batting: LHB Mike Goff
|
0-0: Called Strike 0-1: Ball 1-1: Foul Ball, location: 2F 1-2: Ball 2-2: Ball 3-2: Fly out, F7 (Line Drive, 78M)
|
Batting: RHB Eugene Bennett
|
0-0: Ball 1-0: Ground out 6-3 (Groundball, 6)
|
Batting: RHB Jesús Recesvinto
|
0-0: Ball 1-0: Ball 2-0: Fly out, F3 (Popup, 3SF)
|
Bottom of the 5th over - 0 runs, 0 hits, 0 errors, 0 left on base; Alaskan 4 - Augusta 5 |
TOP OF THE 6TH |
Alaskan Humpbacks batting - Pitching for Augusta Timber Hawks : LHP Garrett Schaper
|
Batting: RHB Jesús Amador
|
0-0: Ground out 4-3 (Groundball, 4)
|
Batting: LHB Dallas Ihde
|
0-0: Ball 1-0: Swinging Strike 1-1: Called Strike 1-2: Ground out 6-3 (Groundball, 6)
|
Batting: RHB Erik Sterk
|
0-0: Fly out, F6 (Line Drive, 6)
|
Top of the 6th over - 0 runs, 0 hits, 0 errors, 0 left on base; Alaskan 4 - Augusta 5 |
BOTTOM OF THE 6TH |
Augusta Timber Hawks batting - Pitching for Alaskan Humpbacks : RHP Liam Thomson
|
Batting: SHB Yun-qi Chien
|
0-0: TRIPLE (Flyball, 7D)
|
Batting: RHB Uchino Akahito
|
0-0: Ball 1-0: Ball 2-0: Foul Ball, location: 2F 2-1: SINGLE (Groundball, 4MD) Yun-qi Chien scores
|
Pitching: RHP Mau Delgado
|
|
Batting: RHB Dave Yates
|
0-0: Bunt missed! 0-1: Ball 1-1: Bunted foul 1-2: Fly out, F8 (Flyball, 89M)
|
Batting: LHB Randy Sallah
|
0-0: Foul Ball, location: 2F 0-1: Swinging Strike 0-2: Ball 1-2: Ball 2-2: Strikes out swinging
|
Batting: LHB Seung-soo Ch'ae
|
0-0: Ground out 4-3 (Groundball, 4S)
|
Bottom of the 6th over - 1 run, 2 hits, 0 errors, 1 left on base; Alaskan 4 - Augusta 6 |
TOP OF THE 7TH |
Alaskan Humpbacks batting - Pitching for Augusta Timber Hawks : LHP Garrett Schaper
|
Batting: RHB Sigi Lang
|
0-0: Ball 1-0: Fly out, F3 (Popup, 34)
|
Batting: LHB Felipe Soto
|
0-0: DOUBLE (Flyball, 8LD)
|
Batting: RHB Jon Moon
|
0-0: Called Strike 0-1: Ball 1-1: Ball 2-1: Foul Ball, location: 2F 2-2: Foul Ball, location: 2F 2-2: Ball 3-2: Base on Balls
|
Pinch Runner at 2nd Lee Suárez:
|
|
Pinch Hitting: RHB Jimbob Ghostkeeper
|
0-0: Called Strike 0-1: Foul Ball, location: 2F 0-2: DOUBLE (Line Drive, 78M) Lee Suárez scores Jon Moon to third
|
Batting: RHB Chris Walters
|
0-0: Ball 1-0: Fly out, F5 (Popup, 56S)
|
Batting: LHB Gabriel Amezquita
|
0-0: Called Strike 0-1: Foul Ball, location: 2F 0-2: Fly out, F7 (Flyball, 7)
|
Top of the 7th over - 1 run, 2 hits, 0 errors, 2 left on base; Alaskan 5 - Augusta 6 |
BOTTOM OF THE 7TH |
Augusta Timber Hawks batting - Pitching for Alaskan Humpbacks : RHP Mau Delgado
|
Now at 1B: Jimbob Ghostkeeper
|
|
Now at 3B: Lee Suárez
|
|
Batting: RHB Krystof Melichar
|
0-0: Called Strike 0-1: Foul Ball, location: 2F 0-2: Strikes out swinging
|
Batting: LHB Mike Goff
|
0-0: Foul Ball, location: 2F 0-1: Fly out, F8 (Flyball, 89D)
|
Batting: RHB Eugene Bennett
|
0-0: Ball 1-0: Foul Ball, location: 2F 1-1: Foul Ball, location: 2F 1-2: Ball 2-2: Strikes out swinging
|
Bottom of the 7th over - 0 runs, 0 hits, 0 errors, 0 left on base; Alaskan 5 - Augusta 6 |
TOP OF THE 8TH |
Alaskan Humpbacks batting - Pitching for Augusta Timber Hawks : LHP Garrett Schaper
|
Batting: RHB Jesús Amador
|
0-0: Ball 1-0: Ball 2-0: Ball 3-0: Swinging Strike 3-1: Swinging Strike 3-2: Strikes out looking
|
Batting: LHB Dallas Ihde
|
0-0: Ball 1-0: Ball 2-0: Ground out 4-3 (Groundball, 4)
|
Batting: RHB Erik Sterk
|
0-0: Ball 1-0: SINGLE (Flyball, 9S)
|
Pitching: RHP Omara Moctar
|
|
Batting: RHB Sigi Lang
|
0-0: Foul Ball, location: 2F 0-1: Swinging Strike 0-2: Strikes out looking
|
Top of the 8th over - 0 runs, 1 hit, 0 errors, 1 left on base; Alaskan 5 - Augusta 6 |
BOTTOM OF THE 8TH |
Augusta Timber Hawks batting - Pitching for Alaskan Humpbacks : RHP Mau Delgado
|
Batting: RHB Jesús Recesvinto
|
0-0: Foul Ball, location: 2F 0-1: Called Strike 0-2: Ball 1-2: Strikes out looking
|
Batting: SHB Yun-qi Chien
|
0-0: Ball 1-0: Ball 2-0: Called Strike 2-1: Called Strike 2-2: Strikes out swinging
|
Batting: RHB Uchino Akahito
|
0-0: Called Strike 0-1: Swinging Strike 0-2: Strikes out swinging
|
Bottom of the 8th over - 0 runs, 0 hits, 0 errors, 0 left on base; Alaskan 5 - Augusta 6 |
TOP OF THE 9TH |
Alaskan Humpbacks batting - Pitching for Augusta Timber Hawks : RHP Omara Moctar
|
Pitching: RHP Gus Osborne
|
|
Pinch Hitting: SHB Jorge Barrios
|
0-0: Called Strike 0-1: Swinging Strike 0-2: Strikes out swinging
|
Batting: RHB Jon Moon
|
0-0: Called Strike 0-1: Ball 1-1: Ball 2-1: Foul Ball, location: 2F 2-2: Ground out 6-3 (Groundball, 6)
|
Batting: RHB Jimbob Ghostkeeper
|
0-0: Called Strike 0-1: Swinging Strike 0-2: Strikes out swinging
|
Top of the 9th over - 0 runs, 0 hits, 0 errors, 0 left on base; Alaskan 5 - Augusta 6 |
|